Map: Acid Plant LE

Players

Asmylia - Winner!

  • Race: Terran Terran
  • League: Silver
  • Spawn Location: 5:00

GLHFGGglhfgg

  • Race: Terran Terran
  • League: Gold
  • Spawn Location: 11:00

VOD

Have the link to the VOD?

Description

Time

  • Played on: Nov. 9, 2018, 1:23 p.m.
  • Length: 14:25
Show
View Real Time Build Order
Export as new Build Order

Asmylia Terran - Winner!

Build Orders:  

Get SALT Encoding   

  12  0:01  SCV  
  13  0:13  SCV  
  14  0:17  Supply Depot  
  14  0:25  SCV  
  15  0:39  SCV  
  15  0:40  Barracks  
  16  0:51  SCV  
  16  0:52  Refinery  
  17  1:03  SCV  
  18  1:15  SCV  
  19  1:27  SCV  
  19  1:31  Command Center  
  20  1:36  Reaper  
  21  1:43  Orbital Command  
  21  2:04  Supply Depot  
  21  2:13  SCV  
  22  2:18  Barracks Tech Lab, Refinery  
  22  2:25  SCV  
  23  2:33  Factory  
  23  2:37  SCV  
  24  2:47  Barracks  
  24  2:48  Orbital Command  
  24  2:49  SCV  
  25  3:01  SCV  
  26  3:14  SCV  
  26  3:18  SCV  
  27  3:24  Engineering Bay  
  27  3:26  SCV  
  28  3:29  Marine  
  29  3:35  Stimpack  
  29  3:37  Barracks Reactor  
  29  3:39  Factory Reactor  
  29  3:43  SCV x2  
  29  3:47  Marine  
  32  3:51  Starport  
  32  3:55  SCV x2  
  34  4:04  Marine  
  34  4:05  Missile Turret  
  34  4:07  SCV x2  
  37  4:15  Supply Depot  
  37  4:16  Terran Infantry Weapons Level 1, Supply Depot  
  37  4:17  Supply Depot x2  
  37  4:18  Marine x2  
  37  4:19  SCV x2  
  37  4:22  Marine  
  42  4:27  Missile Turret  
  43  4:31  SCV x2  
  43  4:33  Starport Reactor  
  43  4:36  Marine x2  
  42  5:10  SCV x2  
  44  5:17  Missile Turret  
  44  5:20  Cyclone x2  
  50  5:22  SCV x2  
  52  5:29  Marine x3  
  52  5:33  Medivac  
  52  5:34  SCV x2  
  59  5:36  Combat Shield  
  59  5:39  Refinery  
  59  5:45  Command Center  
  59  5:46  Marine, SCV x2  
  59  5:47  Marine x2  
  59  5:48  Refinery  
  64  5:59  Supply Depot, Missile Turret  
  64  6:00  SCV x2, Supply Depot  
  66  6:10  Marine x2  
  66  6:11  Marine  
  69  6:12  SCV x2  
  69  6:14  Terran Infantry Armor Level 1  
  71  6:20  Armory  
  71  6:23  Engineering Bay  
  71  6:26  SCV x2  
  71  6:28  Marine x3  
  76  6:38  SCV x2  
  78  6:48  Marauder, Marine  
  78  6:49  Marine, Command Center  
  78  6:53  Medivac  
  78  6:54  Medivac  
  86  7:06  Marine x2  
  88  7:09  Marauder  
  88  7:12  SCV x2  
  92  7:19  Command Center  
  92  7:24  SCV x2  
  94  7:33  Barracks  
  94  7:36  SCV x2, Factory Tech Lab  
  96  7:48  SCV x2  
  98  7:52  Orbital Command  
  98  8:00  SCV x2  
  98  8:03  Command Center  
  100  8:06  Planetary Fortress  
  100  8:18  Terran Infantry Weapons Level 2, Terran Infantry Armor Level 2  
  87  8:43  Marine x5  
  88  9:01  Marine x5  
  77  9:18  Marine  
  77  9:19  Marine x4  
  77  9:24  SCV x3  
  84  9:25  SCV  
  84  9:30  Refinery  
  84  9:31  Refinery  
  86  9:36  Marine x2, SCV x2  
  86  9:37  Marine x3  
  93  9:54  Marine x5  
  85  10:12  Marine x5  
  88  10:25  Siege Tank  
  91  10:30  Marine x5  
  96  10:47  Marine  
  96  10:48  Marine x4, Planetary Fortress  
  89  10:57  Siege Tank  
  87  11:05  Marine  
  87  11:06  Marine x4  
  76  11:23  Marine x5  
  80  11:29  Siege Tank  
  77  11:41  Marine x5  
  77  11:43  Supply Depot  
  82  11:51  SCV x4  
  86  11:59  Marine x5  
  91  12:03  SCV x4  
  91  12:04  Planetary Fortress  
  95  12:17  Marine x5  
  100  12:25  SCV x3  
  100  12:26  SCV  
  104  12:35  Marine  
  105  12:41  Marine x2  
  105  12:42  Marine x2  
  109  12:47  Siege Tank  
  112  12:53  Marauder  
  114  12:59  Marine x2  
  114  13:00  Marine x2  
  117  13:10  Medivac x2  
  121  13:14  Marauder  
  121  13:17  Marine x3  
  121  13:18  Marine  
  121  13:19  Siege Tank  
  130  13:34  Marine  
  130  13:35  Marine x3  
  130  13:36  Marauder  
  130  13:37  Command Center  
  130  13:38  Command Center  
  130  13:40  Medivac x2  
  140  13:57  Marauder  
  140  14:01  Marine x4  
Show
View Real Time Build Order
Export as new Build Order

GLHFGGglhfgg Terran 

Build Orders: Banshee Rush 

Get SALT Encoding   

  12  0:01  SCV  
  13  0:13  SCV  
  14  0:18  Supply Depot  
  14  0:25  SCV  
  15  0:28  Refinery  
  15  0:39  SCV  
  16  0:51  SCV, Barracks  
  17  1:03  SCV  
  18  1:06  Supply Depot  
  18  1:12  Refinery  
  18  1:15  SCV  
  19  1:28  SCV  
  20  1:40  SCV  
  20  1:43  Factory  
  21  1:54  Supply Depot  
  21  1:55  SCV  
  22  2:01  Barracks Reactor  
  22  2:07  SCV  
  23  2:19  SCV  
  24  2:30  Starport  
  24  2:31  SCV  
  24  2:35  Factory Tech Lab  
  25  2:39  Marine x2  
  25  2:43  SCV  
  28  2:55  SCV  
  29  3:05  Hellion x2  
  33  3:06  Barracks Tech Lab  
  33  3:07  SCV  
  34  3:18  Banshee  
  34  3:19  Cloaking Field  
  37  3:35  Command Center  
  37  3:51  Stimpack  
  37  3:53  SCV  
  38  4:05  SCV  
  38  4:08  Supply Depot  
  39  4:11  Engineering Bay  
  39  4:19  Orbital Command  
  39  4:23  Supply Depot  
  39  4:28  Supply Depot  
  39  4:29  Banshee  
  42  4:57  Hellion  
  42  4:58  Hellion  
  43  5:14  Barracks  
  43  5:16  Barracks  
  43  5:19  Barracks, Hellion x2  
  47  5:31  Terran Infantry Weapons Level 1  
  48  5:40  Hellion  
  49  5:43  Orbital Command  
  49  5:46  SCV  
  50  5:54  Missile Turret  
  50  5:58  SCV  
  51  6:08  Starport Reactor  
  51  6:10  SCV, Barracks Reactor x2  
  52  6:11  Barracks Reactor  
  52  6:12  Barracks, Combat Shield  
  52  6:16  Marine  
  53  6:29  SCV x2  
  55  6:37  Armory  
  56  6:41  SCV x2, Armory  
  56  6:46  Marine  
  59  6:49  Hellion x2  
  59  6:53  SCV x2  
  64  7:05  SCV x2  
  66  7:10  Hellion  
  66  7:11  Hellion  
  66  7:14  Concussive Shells  
  70  7:16  Marine  
  70  7:17  Marine, Marauder x2, SCV x2  
  78  7:29  Marine x4, Medivac x2  
  86  7:32  Supply Depot  
  86  7:36  Supply Depot  
  86  7:38  Missile Turret  
  86  7:50  Terran Infantry Armor Level 1  
  86  7:53  Marine, SCV x2, Marauder x2  
  97  7:58  Hellion x2  
  97  8:04  Engineering Bay  
  97  8:05  Marine x3  
  99  8:06  Marine x2  
  102  8:28  Supply Depot x2  
  102  8:32  Marauder  
  102  8:33  Hellion  
  102  8:35  Medivac  
  102  8:36  Hellion  
  102  8:37  Marauder, Medivac  
  87  8:46  Marine  
  87  8:47  Marine x5  
  88  8:52  Marine  
  88  8:54  Hellion  
  87  8:57  Terran Vehicle Weapons Level 1, Hellion  
  87  8:58  Marauder  
  90  9:04  Marine  
  90  9:05  Marine x5  
  89  9:10  Marine  
  89  9:12  Medivac x2  
  88  9:19  Marine  
  88  9:22  Marine x3  
  88  9:23  Marine x3  
  95  9:34  Marine, Command Center  
  95  9:37  Marine  
  97  9:40  Marine x3  
  97  9:42  Medivac x2  
  108  9:45  Hellion  
  108  9:46  Hellion  
  108  9:52  Marauder  
  104  9:59  Marine x7  
  88  10:13  Marine  
  84  10:16  Marine  
  84  10:17  Marine x6  
  90  10:31  Marine  
  90  10:34  Marine  
  90  10:35  Marine x6  
  98  10:49  Marine  
  98  10:52  Marine  
  98  10:53  Marine  
  95  11:00  Marine x5  
  94  11:06  Marine  
  94  11:10  Marine x2  
  97  11:18  Marine x5  
  95  11:24  Marine  
  100  11:28  Marine x2  
  95  11:35  Marine  
  95  11:36  Marine x4  
  99  11:59  Marine x2  
  99  12:00  Marine x4  
  99  12:01  Marine x2  
  103  12:10  SCV x2  
  103  12:13  Orbital Command  
  105  12:19  Command Center  
  105  12:22  SCV x2  
  107  12:31  Marine x8  
  115  12:39  Barracks  
  115  12:40  Barracks  
  115  12:42  Barracks  
  115  12:43  Barracks  
  115  12:48  Marine  
  115  12:49  Marine x7  
  96  13:09  Medivac x2  
  96  13:12  Marine x8  
  106  13:29  Marine  
  106  13:30  Marine x6  
  106  13:33  Orbital Command  
  113  13:39  Medivac x2  
  113  13:40  Marine x2, Command Center  
  113  13:41  Marine x3  
  121  13:47  Marine  
  121  13:48  Marine x4  
  123  13:51  SCV  
  123  13:52  SCV x2  
Tags
 
Matchup
TvT
Race
Terran
Spawn Locations
Cross Positions
Strategy
Banshee Rush
Add a new tag
Caveats
  • Supply blocks, unpowered buildings, or Contaminate may cause inaccurate times.
  • Supply counts are checked every 10 seconds.